 Dungeon Crawl Stone Soup version 0.31-a0-165-g3f4f80340b (webtiles) character file.

Game seed: 5715341747739706276

556 qw the Chopper (level 7, 0/47 HPs)
             Began as a Gargoyle Fighter on June 13, 2023.
             Constricted to death by Ijyb (4 damage)
             ... on level 5 of the Dungeon.
             The game lasted 00:01:42 (3418 turns).

qw the Chopper (Gargoyle Fighter)                   Turns: 3418, Time: 00:01:42

Health: 0/47       AC: 13    Str: 22    XL:     7   Next: 30%
Magic:  7/7        EV:  6    Int:  8    God:
Gold:   239        SH:  4    Dex:  9    Spells: 6/6 levels left

rFire   + . .        Y - +0 war axe
rCold   + + .        c - +0 buckler
rNeg    + . .        b - +0 scale mail
rPois   inf          (helmet restricted)
rElec   +            i - +0 cloak
rCorr   +            k - +0 pair of gloves
SInv    .            (no boots)
Will    .....        (no amulet) Stlth
                     (no ring)
HPRegen 0.27/turn    (no ring)
MPRegen 0.10/turn

%: clarity
@: resistant, grasped by roots, constricted
A: sickness immunity, AC +4, negative energy resistance 1, electricity
resistance, torment resistance 1, petrification resistance, horns 1, clarity,
cold resistance 1, robust 1
a: no special abilities


You were on level 5 of the Dungeon.
You visited 1 branch of the dungeon, and saw 5 of its levels.

You collected 239 gold pieces.


Innate Abilities, Weirdness & Mutations

You are immune to sickness and miasma.
Your stone body is resilient. (AC +4)
You are immune to poison.
You resist negative energy. (rN+)
You are resistant to electric shocks. (rElec)
You are resistant to unholy torment.
You are immune to petrification.
You have a pair of small horns on your head.
You possess an exceptional clarity of mind.
Your flesh is cold resistant. (rC+)
You are robust. (+10% HP)


   Skills:
 - Level 4.1 Fighting
 + Level 6.4 Axes
 - Level 1.0 Throwing
 - Level 3.2 Armour
 - Level 1.1 Dodging
 - Level 3.2 Shields


You had 6 spell levels left.
You didn't know any spells.
Your spell library was empty.

Inventory:

Hand Weapons
 g - a +4 flail
 Y - a +0 war axe (weapon)
Armour
 b - a +0 scale mail (worn)
 c - a +0 buckler (worn)
 i - a +0 cloak (worn)
 k - a +0 pair of gloves (worn)
Jewellery
 m - a ring of fire
Scrolls
 f - 5 scrolls of identify
Potions
 a - a potion of curing
 d - 4 potions of might
 e - 3 potions of mutation
 l - a potion of resistance
 o - a potion of cancellation

Dungeon Overview and Level Annotations

Branches:
Dungeon (5/15)
 Temple: D:4-7

Altars:
Ashenzari
Dithmenos
Fedhas
Gozag
Kikubaaqudgha
Makhleb
Vehumet

Shops:
D:1 (

Annotations:
D:4 1 runed translucent door, Crazy Yiuf
D:5 Ijyb


Message History

You barely miss the +4 spectral club. Ijyb hits you with a +4 spectral club.
The +4 spectral club hits you but does no damage.
You closely miss Ijyb. You headbutt Ijyb.
Ijyb is heavily wounded.
You miss the +4 spectral club. Ijyb hits you but does no damage.
The +4 spectral club hits you but does no damage.
A jelly comes into view.
Ijyb hits you with a +4 spectral club. The +4 spectral club hits you.
You closely miss Ijyb.
Ijyb is heavily wounded.
You closely miss the +4 spectral club.
The jelly quivers.
You block Ijyb's attack.
The +4 spectral club hits you but does no damage.
You hit Ijyb but do no damage.
Ijyb is heavily wounded.
You hit the +4 spectral club.
Ijyb shares her spectral weapon's damage!
You barely miss the phantom. You block Ijyb's attack.
The +4 spectral club hits you! The phantom barely misses you.
You hit Ijyb.
Ijyb is severely wounded.
You closely miss the +4 spectral club. You hit the phantom but do no damage.
Ijyb zaps a wand.
The roots erupt in riotous growth!
The grasping roots grab you!
Ijyb is unaffected.
The phantom is unaffected.
The grasping roots constrict you.
An iguana comes into view.
The phantom hits you but does no damage.
The iguana hisses angrily.
You hit Ijyb.
Ijyb is severely wounded.
You hit the +4 spectral club.
Ijyb shares her spectral weapon's damage!
You hit the phantom.
The +4 spectral club disappears.
Ijyb hits you but does no damage. The +4 spectral club hits you.
The grasping roots constrict you.
You die...

.........## l.
..........# ...
.........##...
.............
#...J.......
##..f.......
#..g%W......
##..(@...(...
##............
#.............
##.....#####..
#...#..# .
#.###...#..#
#.......<#..#
#...........#
#...............


You could see a phantom, a sleepcap, a +4 spectral club, Ijyb, an iguana and a
jelly.

Vanquished Creatures
  A centaur (D:3)
  A scorpion (D:5)
  A howler monkey (D:5)
  A crimson imp (D:3)
  3 jellies
  2 iguanas (D:4)
  Terence (D:3)
  An orc wizard (D:3)
  7 adders
  3 worms
  3 dart slugs
  5 orcs
  8 bats
  11 endoplasms
  3 giant cockroaches
  6 goblins
  3 hobgoblins
  3 jackals (D:2)
  5 kobolds
  3 quokkas
  5 ball pythons
  2 frilled lizards
  A rat (D:2)
79 creatures vanquished.

Notes
Turn   | Place    | Note
-------+----------+-------------------------------------------
     0 | D:1      | qw the Gargoyle Fighter began the quest for the Orb.
     0 | D:1      | Reached XP level 1. HP: 14/14 MP: 1/1
     0 | D:1      | 0 ||| qw: Version: 0.2-a-29-gc1b59c4
     0 | D:1      | 0 ||| qw: Game counter: 4783
     0 | D:1      | 0 ||| qw: Always use a shield: true
     0 | D:1      | 0 ||| qw: God list: Okawaru
     0 | D:1      | 0 ||| qw: Allow faded altars: false
     0 | D:1      | 0 ||| qw: Do Orc after D:15 true
     0 | D:1      | 0 ||| qw: Do second Lair branch before Depths: true
     0 | D:1      | 0 ||| qw: Lair rune preference: random
     0 | D:1      | 0 ||| qw: Plans: Normal, Zot:1-4, Slime:5, God:TSO, Crypt,
                  | Tomb, Abyss, Pan, Hells, Win
     0 | D:1      | 0 ||| PLANNING D:1-11
    25 | D:1      | Reached skill level 2 in Axes
   116 | D:1      | Reached XP level 2. HP: 19/19 MP: 2/2
   191 | D:1      | Found Zexkeet's Weapon Shoppe.
   451 | D:1      | 451 ||| READING scroll labelled ZIYSEMP ALUI.
   452 | D:1      | 452 ||| READING 2 scrolls labelled TUKYPL XASTRE.
   453 | D:1      | 453 ||| READING scroll labelled OCUTTE XUPLU.
   454 | D:1      | 454 ||| READING scroll labelled BONAMU HUOSM.
   455 | D:1      | 455 ||| READING scroll labelled QEZOUD PA GYHUA.
   524 | D:2      | Reached skill level 3 in Axes
   524 | D:2      | 524 ||| Stepping ~*~*~tactically~*~*~ (stealth).
   537 | D:2      | Reached XP level 3. HP: 22/23 MP: 3/3
   561 | D:2      | 561 ||| Stepping ~*~*~tactically~*~*~ (hiding).
   565 | D:2      | 565 ||| Stepping ~*~*~tactically~*~*~ (hiding).
   566 | D:2      | 566 ||| Stepping ~*~*~tactically~*~*~ (hiding).
   577 | D:2      | 577 ||| Stepping ~*~*~tactically~*~*~ (stealth).
   610 | D:2      | 610 ||| Stepping ~*~*~tactically~*~*~ (stealth).
   649 | D:2      | 649 ||| Stepping ~*~*~tactically~*~*~ (stealth).
   714 | D:2      | 714 ||| Stepping ~*~*~tactically~*~*~ (stealth).
   818 | D:2      | Reached skill level 1 in Throwing
   864 | D:2      | Reached XP level 4. HP: 28/28 MP: 4/4
   878 | D:2      | 878 ||| DROPPING +0 whip.
   952 | D:2      | Found a faded altar of an unknown god.
  1329 | D:2      | 1329 ||| UPGRADING to +0 cloak.
  1334 | D:2      | 1334 ||| READING scroll labelled HEACVAIQICK.
  1435 | D:2      | 1435 ||| DRINKING 3 metallic dark potions.
  1435 | D:2      | Gained mutation: You have hidden genetic potential. [potion
                  | of mutation]
  1435 | D:2      | Gained mutation: You possess an exceptional clarity of
                  | mind. [potion of mutation]
  1435 | D:2      | Gained mutation: Your flesh is cold resistant. (rC+)
                  | [potion of mutation]
  1514 | D:3      | Noticed Terence
  1521 | D:3      | HP: 5/28 [Terence/+0 trident (7)]
  1529 | D:3      | Killed Terence
  1530 | D:3      | Reached skill level 4 in Axes
  1537 | D:3      | 1537 ||| Stepping ~*~*~tactically~*~*~ (stealth).
  1547 | D:3      | 1547 ||| FLEEEEING.
  1548 | D:3      | 1548 ||| FLEEEEING.
  1550 | D:3      | 1550 ||| FLEEEEING.
  1551 | D:3      | 1551 ||| FLEEEEING.
  1553 | D:3      | 1553 ||| FLEEEEING.
  1554 | D:3      | 1554 ||| FLEEEEING.
  1555 | D:3      | 1555 ||| FLEEEEING.
  1556 | D:3      | 1556 ||| FLEEEEING.
  1557 | D:3      | 1557 ||| FLEEEEING.
  1558 | D:3      | 1558 ||| STAIRDANCE
  1624 | D:2      | 1624 ||| READING scroll labelled BICLIT SIRRISAZ.
  1657 | D:3      | Noticed a centaur
  1665 | D:3      | Killed a centaur
  1666 | D:3      | Reached XP level 5. HP: 23/32 MP: 5/5
  1666 | D:3      | 1666 ||| FLEEEEING.
  1667 | D:3      | 1667 ||| FLEEEEING.
  1668 | D:3      | 1668 ||| FLEEEEING.
  1669 | D:3      | 1669 ||| FLEEEEING.
  1670 | D:3      | 1670 ||| FLEEEEING.
  1671 | D:3      | 1671 ||| FLEEEEING.
  1672 | D:3      | 1672 ||| FLEEEEING.
  1673 | D:3      | 1673 ||| FLEEEEING.
  1674 | D:3      | 1674 ||| FLEEEEING.
  1675 | D:3      | 1675 ||| FLEEEEING.
  1676 | D:3      | 1676 ||| FLEEEEING.
  1677 | D:3      | 1677 ||| FLEEEEING.
  1678 | D:3      | 1678 ||| STAIRDANCE
  1693 | D:2      | Gained mutation: You have a pair of small horns on your
                  | head. [hidden potential]
  1752 | D:3      | Reached skill level 5 in Axes
  1776 | D:3      | Found a broken altar of Ashenzari.
  1776 | D:3      | Found a shadowy altar of Dithmenos.
  1778 | D:3      | Found a blossoming altar of Fedhas.
  1781 | D:3      | 1781 ||| Stepping ~*~*~tactically~*~*~ (stealth).
  1805 | D:3      | Found an opulent altar of Gozag.
  1806 | D:3      | Found an ancient bone altar of Kikubaaqudgha.
  1987 | D:3      | Found a radiant altar of Vehumet.
  1988 | D:3      | Found a burning altar of Makhleb.
  2046 | D:3      | Reached XP level 6. HP: 34/38 MP: 6/6
  2269 | D:3      | 2269 ||| READING 2 scrolls labelled FUXTIU VICO.
  2270 | D:3      | 2270 ||| DRINKING 2 pink potions.
  2271 | D:3      | 2271 ||| DROPPING scroll of poison.
  2304 | D:4      | 2304 ||| Stepping ~*~*~tactically~*~*~ (hiding).
  2388 | D:4      | 2388 ||| Stepping ~*~*~tactically~*~*~ (stealth).
  2396 | D:4      | 2396 ||| Stepping ~*~*~tactically~*~*~ (stealth).
  2398 | D:4      | 2398 ||| Stepping ~*~*~tactically~*~*~ (hiding).
  2405 | D:4      | 2405 ||| FLEEEEING.
  2406 | D:4      | 2406 ||| FLEEEEING.
  2407 | D:4      | 2407 ||| FLEEEEING.
  2408 | D:4      | 2408 ||| STAIRDANCE
  2426 | D:3      | HP: 2/38 [something/puff of flame (10)]
  2435 | D:3      | Reached skill level 1 in Dodging
  2453 | D:3      | Gained mutation: You are robust. (+10% HP) [hidden
                  | potential]
  2453 | D:3      | Lost mutation: You have hidden genetic potential. [hidden
                  | potential expressed]
  2688 | D:4      | 2688 ||| DROPPING +2 heavy mace.
  2717 | D:4      | 2717 ||| Stepping ~*~*~tactically~*~*~ (stealth).
  2720 | D:4      | 2720 ||| Stepping ~*~*~tactically~*~*~ (stealth).
  3198 | D:4      | Reached XP level 7. HP: 47/47 MP: 7/7
  3359 | D:4      | Found a runed translucent door.
  3360 | D:4      | Noticed Crazy Yiuf
  3363 | D:4      | 3363 ||| UPGRADING to +0 pair of gloves.
  3368 | D:4      | 3368 ||| READING scroll labelled SIBETR KOELEET.
  3369 | D:4      | 3369 ||| READING scroll labelled XADEOPT HAUJU.
  3370 | D:4      | 3370 ||| DRINKING 2 fizzy dark potions.
  3371 | D:4      | 3371 ||| READING 5 scrolls of identify.
  3371 | D:4      | 3371 ||| IDENTIFYING sedimented ruby potion
  3391 | D:5      | Entered Level 5 of the Dungeon
  3397 | D:5      | Reached skill level 6 in Axes
  3405 | D:5      | Noticed Ijyb
  3416 | D:5      | HP: 7/47 [+4 spectral club[Ijyb] (8)]
  3418 | D:5      | Constricted to death by Ijyb

Levels and vault maps discovered:
D:1:      dpeg_arrival_oval, layout_rooms, serial_shops,
          nicolae_shop_behind_doors, serial_bayou_pond_d
D:2:      layout_basic, shapermc_ecumenical_altar_acropolis
D:3:      layout_rooms, grunt_temple_overflow_lords_of_destruction,
          grunt_temple_overflow_open, chequers_serial_rivers_small_b,
          minmay_misc_feat_room, ebering_dispersal_statue_hall, uniq_terence
D:4:      layout_loops_cross, uniq_crazy_yiuf_cottage
D:5:      layout_cave_pools, temple_doors_e, dk_vineyard_3, uniq_ijyb

Skill      XL: |  1  2  3  4  5  6  7 |
---------------+----------------------+-----
Axes           | 2 3 4 5 6 |  6.4
Throwing       | 1 |  1.0
Fighting       | 4 |  4.1
Dodging        | 1 |  1.1
Armour         | |  3.2
Shields        | |  3.2

Action                     |  1- 3 |  4- 6 |  7- 9 || total
---------------------------+-------+-------+-------++-------
  Melee: War axe           |    78 |   147 |    17 ||   242
         Headbutt          |       |    13 |     2 ||    15
  Throw: Javelin           |    40 |    38 |     2 ||    80
    Use: Scroll            |     5 |     3 |     3 ||    11
         Potion            |       |     2 |     1 ||     3
 Armour: Scale mail        |    46 |    84 |    15 ||   145
  Dodge: Dodged            |    41 |    50 |    10 ||   101
  Block: Buckler           |    20 |    22 |     4 ||    46

Table legend:
 A = Non-vault XP
 B = Vault XP
 C = Vault XP percentage of total XP
 D = Non-vault monster count
 E = Vault monster count
 F = Vault count percentage of total count
                 A         B        C        D         E       F
            +---------+---------+-------+---------+---------+-------
      Total |     709 |      86 |  10.8 |      77 |       2 |   2.5
            +---------+---------+-------+---------+---------+-------
        D:1 |      26 |       0 |   0.0 |      14 |       0 |   0.0
        D:2 |      68 |       0 |   0.0 |      27 |       0 |   0.0
        D:3 |     219 |      86 |  28.2 |      15 |       2 |  11.8
        D:4 |     219 |       0 |   0.0 |      17 |       0 |   0.0
        D:5 |     177 |       0 |   0.0 |       4 |       0 |   0.0
            +---------+---------+-------+---------+---------+-------
